 Dungeon Crawl Stone Soup version 0.31-a0-149-g3fdcc5976a (webtiles) character file.

Game seed: 12060074615661905678

2718 comborobin the Basher (level 9, -1/108 HPs)
             Began as an Armataur Delver on June 8, 2023.
             Was an Elder of Uskayaw.
             Slain by a yak (9 damage)
             ... on level 8 of the Dungeon.
             The game lasted 00:04:36 (4283 turns).

comborobin the Basher (Armataur Delver)             Turns: 4283, Time: 00:04:37

Health: -1/108     AC:  8    Str: 21    XL:     9   Next: 39%
Magic:  5/9        EV:  9    Int: 11    God:    Uskayaw [****..]
Gold:   283        SH:  0    Dex: 18    Spells: 8/8 levels left

rFire   + . .        l - +8 flail of Talyro {freeze, *Rage rF+ rCorr}
rCold   . . .        (no shield)
rNeg    . . .        v - +2 swamp dragon scales
rPois   +            (no helmet)
rElec   .            (no cloak)
rCorr   +            (no gloves)
SInv    .            (no barding)
Will    .....        (no amulet) Stlth
                     h - +6 ring of dexterity
HPRegen 0.38/turn    (no ring)
MPRegen 0.11/turn

%: random rage (20%), roll
@: berserking, very quick
A: large, rugged brown scales 3, deformed body, armoured tail, roll, long
tongue, awkward tongue
a: Renounce Religion, Stomp, Line Pass


You were on level 8 of the Dungeon.
You worshipped Uskayaw.
Uskayaw was noncommittal.
You visited 2 branches of the dungeon, and saw 7 of its levels.

You collected 283 gold pieces.

Inventory:

Hand Weapons
 a - a +0 mace
 i - a +0 hand axe of electrocution
 l - the +8 flail of Talyro (weapon) {freeze, *Rage rF+ rCorr}
   (You found it on level 5 of the Dungeon)

   rF:        It protects you from fire.
   *Rage:     It berserks you when you make melee attacks (+20% chance).
   rCorr:     It protects you from acid and corrosion.
Armour
 b - a +0 leather armour
 v - +2 swamp dragon scales (worn)
Jewellery
 h - a +6 ring of dexterity (left hand)
 m - an amulet of guardian spirit
Wands
 g - a wand of digging (4)
 o - a wand of acid (17)
Scrolls
 c - a scroll of fog
 d - 3 scrolls of magic mapping
 e - a scroll of fear
 j - a scroll of enchant armour {unknown}
 p - 2 scrolls of amnesia {unknown}
 q - a scroll of teleportation {unknown}
 r - 2 scrolls of identify {unknown}
Potions
 f - a potion of haste
 k - a potion of enlightenment {unknown}
 n - 5 potions of curing
 s - a potion of attraction {unknown}
 t - a potion of heal wounds {unknown}
 u - 2 potions of magic {unknown}


   Skills:
 - Level 2.6 Fighting
 * Level 11.9 Maces & Flails
 - Level 1.3 Dodging
 - Level 5.4 Stealth


You had 8 spell levels left.
You didn't know any spells.
Your spell library contained the following spells:

 Spells                   Type           Power      Damage    Failure   Level
 Beastly Appendage        Tmut           0%         N/A       52%         1
 Freeze                   Ice            0%         1d3       52%         1
 Poisonous Vapours        Pois/Air       0%         N/A       65%         2
 Wereblood                Tmut           0%         N/A       65%         2
 Frozen Ramparts          Ice            0%         1d1       87%         3
 Hailstorm                Conj/Ice       0%         3d3       87%         3
 Inner Flame              Hex/Fire       0%         N/A       87%         3
 Mephitic Cloud           Conj/Pois/Air  0%         N/A       87%         3
 Spider Form              Tmut/Pois      0%         N/A       87%         3
 Flame Wave               Conj/Fire      0%         2d4       99%         4
 Sticky Flame             Conj/Fire      0%         2d3       99%         4
 Freezing Cloud           Conj/Ice/Air   0%         6-21      100%        5


Dungeon Overview and Level Annotations

Branches:
Dungeon (8/15)             Temple (1/1) D:4
   Lair: D:8-11

Altars:
Ashenzari
Dithmenos
Fedhas
Gozag
Hepliaklqana
Kikubaaqudgha
Makhleb
Nemelex Xobeh
Okawaru
Ru
Uskayaw
Wu Jian
Xom
Yredelemnul
Zin
The Shining One

Shops:
D:4 :


Innate Abilities, Weirdness & Mutations

You are completely covered in rugged brown scales. (AC +3, +7% HP)
Armour fits poorly on your strangely shaped body.
You have a long armoured tail.
You roll when moving toward enemies. (Rampage)
Your long tongue fully drains potion bottles. (2x potion effects)
Your tongue gives you trouble enunciating. (1.5x scroll delay)


Message History

You can no longer pass through a line of other dancers.
The yak completely misses the yak.
The yak gores the yak!
The yak barely misses the yak.
Unknown command.
Unknown command.
You sock the yak! You freeze the yak. You tail-slap the yak.
The yak is severely wounded.
The yak seems less confused. x3; The yak closely misses you.
You closely miss the yak. You tail-slap the yak!
The yak is moderately wounded.
The yak gores you!
You can now pass through a line of other dancers.
You hit the yak. You freeze the yak.
The yak is heavily wounded.
You sock the yak! You freeze the yak.
Your tail-slap misses the yak.
The yak is severely wounded.
The yak gores you!
Uskayaw will force your foes to helplessly watch your dance.
Uskayaw prepares the audience for your solo!
Okay, then.
The helpless yak fails to defend itself.
You sock the yak! You freeze the yak.
The yak is almost dead.
The yak is no longer paralysed. x4; The yak gores you!
The yak gores you. x2
A red film seems to cover your vision as you go berserk!
You feel yourself moving faster!
You feel mighty!
You sock the yak! You freeze the yak.
The yak is heavily wounded.
The orc is no longer paralysed.
The yak misses you. The yak gores you!
* * * LOW HITPOINT WARNING * * *
The yak gores you!
* * * LOW HITPOINT WARNING * * *
The yak gores you but does no damage.
Uskayaw will force your foes to share their pain.
Uskayaw links your audience in an emotional bond!
Okay, then.
You thump the yak! You freeze the yak.
You kill the yak!
The yak gores you!
You die...

##### .....
####.....
#........
####.....#..
#...........
+..Y....)..#
#..†@o.....#
######..YY......#
#................
#.
#....)..######...
#.##.....).# ..
#.##...)...# #
#..........#
+.##.......#
#..........#


You could see 3 yaks and an orc (pain bonded).

Vanquished Creatures
  Maggie (D:7)
  Prince Ribbit (D:7)
  A yak (D:8)
  Eustachio (D:6)
  A water moccasin (D:6)
  A sky beast (D:7)
  An ice beast (D:6)
  An orc warrior (D:6)
  2 black bears
  2 ogres
  3 centaurs
  A kobold brigand (D:8)
  3 bullfrogs
  4 scorpions
  A howler monkey (D:6)
  A quasit (D:6)
  3 hounds (D:5)
  5 orc priests
  A sleepcap (D:5)
  An iguana (D:6)
  5 orc wizards
  5 adders
  A shadow imp (D:6)
  5 white imps
  4 ufetubi
  A dart slug (D:4)
  23 orcs
  A giant cockroach (D:4)
  2 goblins (D:4)
  2 hobgoblins (D:4)
  4 jackals (D:4)
  A quokka (D:4)
  A ball python (D:4)
  6 kobolds (D:8)
96 creatures vanquished.

Notes
Turn   | Place    | Note
-------+----------+-------------------------------------------
     0 | D:5      | comborobin the Armataur Delver began the quest for the Orb.
     0 | D:5      | Reached XP level 1. HP: 19/19 MP: 1/1
    12 | D:4      | Reached skill level 2 in Maces & Flails
    56 | D:4      | Found Yczeus's Book Shop.
    97 | D:4      | Reached XP level 2. HP: 26/26 MP: 2/2
   162 | D:4      | Reached skill level 3 in Maces & Flails
   162 | D:4      | Reached XP level 3. HP: 26/32 MP: 3/3
   218 | D:4      | Found a staircase to the Ecumenical Temple.
   242 | D:4      | Reached XP level 4. HP: 8/39 MP: 4/4
   243 | D:4      | Reached skill level 4 in Maces & Flails
   251 | Temple   | Entered the Ecumenical Temple
   734 | D:5      | Identified the +8 flail of Talyro {freeze, *Rage rF+ rCorr}
   804 | D:5      | Noticed a scorpion
   810 | D:5      | Killed a scorpion
   811 | D:5      | Reached skill level 5 in Maces & Flails
   811 | D:5      | Reached XP level 5. HP: 37/44 MP: 5/5
   872 | D:5      | Found a hide-covered altar of Uskayaw.
   912 | D:5      | Reached XP level 6. HP: 51/53 MP: 6/6
   931 | D:5      | Became a worshipper of Uskayaw the Reveller
  1036 | D:5      | Reached * piety under Uskayaw
  1037 | D:5      | Reached ** piety under Uskayaw
  1038 | D:5      | Reached skill level 6 in Maces & Flails
  1351 | D:5      | Reached skill level 7 in Maces & Flails
  1351 | D:5      | Reached XP level 7. HP: 59/59 MP: 7/7
  1515 | D:5      | Found an opulent altar of Gozag.
  1585 | D:5      | Found a glowing silver altar of Zin.
  1618 | D:5      | Found an iron altar of Okawaru.
  1862 | D:6      | Reached *** piety under Uskayaw
  1864 | D:6      | Reached **** piety under Uskayaw
  2076 | D:6      | Reached skill level 8 in Maces & Flails
  2088 | D:6      | Reached ***** piety under Uskayaw
  2194 | D:6      | Found a sacrificial altar of Ru.
  2200 | D:6      | Found a shimmering altar of Xom.
  2203 | D:6      | Found a glowing golden altar of the Shining One.
  2203 | D:6      | Found an ancient bone altar of Kikubaaqudgha.
  2213 | D:6      | Found an ornate altar of the Wu Jian Council.
  2300 | D:6      | Reached XP level 8. HP: 66/66 MP: 8/8
  2302 | D:6      | Reached skill level 9 in Maces & Flails
  2377 | D:6      | Noticed Eustachio
  2383 | D:6      | Killed Eustachio
  3025 | D:7      | Noticed Prince Ribbit
  3040 | D:7      | Killed Prince Ribbit
  3041 | D:7      | Reached skill level 10 in Maces & Flails
  3305 | D:7      | Noticed Maggie
  3319 | D:7      | Killed Maggie
  3320 | D:7      | Reached skill level 11 in Maces & Flails
  3320 | D:7      | Reached XP level 9. HP: 13/72 MP: 9/9
  4283 | D:8      | Slain by a yak

Illustrated notes

Levels and vault maps discovered:
D:3:      layout_basic, slow_altar_1
D:4:      layout_cave_pools, minmay_temple_entry_statues_fountains,
          serial_shops, kennysheep_mini
D:5:      layout_loops_corners, pdpol_temple_overflow_zin_treasury_gozag_greed,
          nicolae_uskayaw_murder_on_the_dancefloor, minitemple
D:6:      layout_basic, nicolae_overflow_hallway_of_the_gods, serial_demonic,
          serial_demonic_e, serial_demonic_d, serial_demonic_d,
          serial_demonic_a, uniq_eustachio
D:7:      layout_loops_ring, item_on_display_a, uniq_prince_ribbit1, uniq_maggie
D:8:      layout_basic, nicolae_qazlal_style_of_elements,
          lemuel_coloured_pillars_altar, chequers_arboretum
Temple:   nicolae_temple_little_seven

Skill      XL: |  1  2  3  4  5  6  7  8 |
---------------+-------------------------+-----
Maces & Flails | 2 3 5 7 8 11 | 11.9
Fighting       | |  2.6
Dodging        | |  1.3
Stealth        | |  5.4

Action                     |  1- 3 |  4- 6 |  7- 9 || total
---------------------------+-------+-------+-------++-------
  Melee: Mace              |     6 |       |       ||     6
         Hand axe          |    26 |     7 |       ||    33
         Tailslap          |     1 |     6 |    12 ||    19
         Flail             |       |    28 |   150 ||   178
 Invoke: Line Pass         |       |       |     1 ||     1
    Use: Potion            |     1 |       |       ||     1
   Stab: Sleeping          |     2 |     9 |       ||    11
         Distracted        |       |     1 |       ||     1
         Paralysed         |       |       |    13 ||    13
 Armour: Leather armour    |    29 |     7 |    10 ||    46
         Swamp dragon scal |       |       |    32 ||    32
  Dodge: Dodged            |    52 |    10 |    46 ||   108

Table legend: (Time is in decaauts)
 A = Elapsed time spent in this place.
 B = Non-inter-level travel time spent in this place.
 C = Inter-level travel time spent in this place.
 D = Time resting spent in this place.
 E = Time spent auto-exploring this place.
 F = Levels seen in this place.
 G = Mean time per level.
                   A        B        C        D        E       F      G
               +--------+--------+--------+--------+--------+-----+--------+
         Total |   4400 |   4156 |    244 |    490 |   3108 |   7 |  628.6 |
       Dungeon |   4238 |   4000 |    238 |    490 |   2958 |   6 |  706.3 |
        Temple |    161 |    155 |      6 |      0 |    150 |   1 |  161.0 |
               +--------+--------+--------+--------+--------+-----+--------+

Top non-repeatable levels by time:
     D:6: 1248 daAuts
     D:7: 1130 daAuts
     D:5: 1015 daAuts
     D:4: 592 daAuts
     D:8: 184 daAuts
  Temple: 161 daAuts
     D:3: 67 daAuts
